 Dungeon Crawl Stone Soup version 0.29.1-1-gd02db6906a (webtiles) character file.

Game seed: 15986790954802718262

2386 Ijustatesigmund the Fighter (level 9, -13/60 HPs)
             Began as a Gargoyle Fighter on Sept 16, 2022.
             Mangled by a two-headed ogre
             ... wielding a +0 giant club
              (20 damage)
             ... on level 7 of the Dungeon.
             The game lasted 00:13:34 (7190 turns).

Ijustatesigmund the Fighter (Gargoyle Fighter)      Turns: 7190, Time: 00:13:35

Health: -13/60     AC: 19    Str: 20    XL:     9   Next: 46%
Magic:  9/9        EV:  9    Int: 13    God:
Gold:   56         SH:  4    Dex:  9    Spells: 8/8 levels left

rFire   . . .      SeeInvis .   z - +1 morningstar
rCold   + + .      Faith    .   c - +0 buckler
rNeg    + . .      Spirit   .   b - +1 scale mail {rC+}
rPois   ∞          Reflect  .   (no helmet)
rElec   +          Harm     .   (no cloak)
rCorr   .          Rampage  .   v - +0 pair of gloves
Will    +....                   a - +1 pair of boots of the Ferocious God {rC+ Regen+}
Stlth   ..........              (no amulet)
HPRegen 1.00/turn               q - ring of willpower
MPRegen 0.11/turn               (no ring)

@: silenced, slowed, very slow
A: sickness immunity, AC +6, negative energy resistance 1, electricity
resistance, torment resistance 1, petrification resistance
a: no special abilities


You were on level 7 of the Dungeon.
You visited 1 branch of the dungeon, and saw 7 of its levels.

You collected 324 gold pieces.
You spent 268 gold pieces at shops.

Inventory:

Hand Weapons
 z - a +1 morningstar (weapon)
Missiles
 f - 3 curare-tipped darts (quivered)
 n - 2 throwing nets
Armour
 a - the +1 pair of boots of the Ferocious God (worn) {rC+ Regen+}
   (You bought it in a shop on level 1 of the Dungeon)

   rC:        It protects you from cold.
   Regen:     It increases your rate of health regeneration.
 b - a +1 scale mail of cold resistance (worn)
 c - a +0 buckler (worn)
 v - a +0 pair of gloves (worn)
Jewellery
 k - an amulet of faith
 q - a ring of willpower (left hand)
 t - a ring of magical power
Scrolls
 m - 2 scrolls of magic mapping
 o - 2 scrolls of amnesia
 p - 2 scrolls of immolation
 u - a scroll of silence
Potions
 d - 2 potions of might
 e - a potion of cancellation
 g - 3 potions of attraction
 h - a potion of curing
 i - a potion of flight {unknown}
 l - a potion of magic
 w - 2 potions of brilliance
 x - a potion of invisibility {unknown}


   Skills:
 + Level 8.8 Fighting
 + Level 7.7 Maces & Flails
 + Level 7.8 Armour
 - Level 3.2 Shields


You had 8 spell levels left.
You didn't know any spells.
Your spell library contained the following spells:

 Spells                   Type           Power      Damage    Failure   Level
 Beastly Appendage        Tmut           0%         N/A       71%         1
 Summon Small Mammal      Summ           0%         N/A       71%         1
 Static Discharge         Conj/Air       0%         3-3/arc   83%         2
 Wereblood                Tmut           0%         N/A       83%         2
 Call Canine Familiar     Summ           0%         N/A       97%         3
 Ozocubu's Armour         Ice            0%         N/A       97%         3
 Spider Form              Tmut/Pois      0%         N/A       97%         3
 Summon Guardian Golem    Hex/Summ       0%         N/A       97%         3
 Lightning Bolt           Conj/Air       0%         1d11      100%        5
 Ozocubu's Refrigeration  Ice            0%         4d7       100%        7
 Maxwell's Capacitive Co  Air            0%         ∞         100%        8


Dungeon Overview and Level Annotations

Branches:
Dungeon (7/15)             Temple (0/1) D:4

Altars:
Ru

Shops:
D:1 ?=[(   D:4 *


Innate Abilities, Weirdness & Mutations

You are immune to sickness and miasma.
Your stone body is resilient. (AC +6)
You are immune to poison.
You resist negative energy. (rN+)
You are resistant to electric shocks. (rElec)
You are resistant to unholy torment.
You are immune to petrification.


Message History

You closely miss the orc wizard.
The orc wizard is severely wounded.
The killer bee buzzes angrily.
The bullfrog completely misses you. The bullfrog hits you!
The shadow imp hits you but does no damage.
The orc barely misses you. The orc wizard completely misses you.
The orc hits you but does no damage.
You barely miss the orc wizard.
The orc wizard is severely wounded.
The bullfrog hits you but does no damage.
The orc hits you but does no damage. The orc hits you with a +0 falchion.
The orc wizard closely misses you. You block the shadow imp's attack.
The bullfrog hits you but does no damage.
Unknown command.
You hit the orc wizard but do no damage.
The orc wizard is severely wounded.
Your surroundings suddenly seem different.
A scorpion, a bullfrog, an orc, a hornet, 2 wraiths, a slime creature, 2 centaur warriors, a two-headed ogre and a cyclops come into view.
The bullfrog croaks.
The orc shouts!
The hornet buzzes angrily.
The slime creature quivers.
The centaur warrior shouts! x2; The two-headed ogre shouts in stereo!
The cyclops shouts!
The centaur warrior hits you!
The centaur warrior kicks you but does no damage.
The wraith hits you.
* * * LOW HITPOINT WARNING * * *
The wraith drains your vigour!
You feel yourself slow down. The centaur warrior hits you.
* * * LOW HITPOINT WARNING * * *
You block the centaur warrior's attack.
As you read the scroll of silence, it crumbles to dust.
A profound silence engulfs you. The wraith hits you!
* * * LOW HITPOINT WARNING * * *
The wraith drains your vigour!
You feel as though you will be slow longer.
The wraith closely misses you.
The centaur warrior hits you but does no damage.
The centaur warrior barely misses you. You block the bullfrog's attack.
The two-headed ogre hits you with a +0 giant club!!
You die...

#.....
#.........#
#.....
#.........#
#.....
#.........#
#.....
#....s....#
#.........#
#...y.o...#
#..WWF....#
#.cc@OJC..#
#####+#####


You could see a slime creature, 2 centaur warriors, a two-headed ogre, a
cyclops, a hornet, 2 wraiths, a bullfrog, a scorpion and an orc.

Vanquished Creatures
  A shadow (D:6)
  A water moccasin (D:6)
  2 sky beasts
  2 black bears
  A centaur (D:6)
  A necrophage (D:5)
  2 bullfrogs (D:6)
  3 scorpions
  7 wights (D:6)
  2 killer bees (D:7)
  3 orc priests
  A jelly (D:5)
  A gnoll bouda (D:4)
  3 hounds
  3 iguanas
  3 orc wizards
  14 adders
  4 gnolls (D:4)
  An ufetubus (D:4)
  A worm (D:2)
  2 dart slugs
  14 orcs
  6 endoplasms
  9 giant cockroaches
  2 goblins (D:1)
  5 hobgoblins
  11 kobolds
  3 quokkas
  15 ball pythons
  5 bats
  7 frilled lizards
  6 rats
141 creatures vanquished.

Vanquished Creatures (collateral kills)
  4 killer bees (D:7)
  An iguana (D:5)
5 creatures vanquished.

Vanquished Creatures (others)
  4 plants (D:3)
  3 withered plants (D:3)
7 creatures vanquished.

Grand Total: 153 creatures vanquished

Notes
Turn   | Place    | Note
-------+----------+-------------------------------------------
     0 | D:1      | Ijustatesigmund the Gargoyle Fighter began the quest for
                  | the Orb.
     0 | D:1      | Reached XP level 1. HP: 14/14 MP: 1/1
    95 | D:1      | Reached XP level 2. HP: 5/19 MP: 2/2
   333 | D:1      | Found Sejor's Armour Boutique.
   442 | D:1      | Found Vuwnir's Antique Weapon Boutique.
   535 | D:1      | Found Toitalug's Jewellery Shop.
   614 | D:1      | Found Icas's Magic Scroll Shoppe.
   622 | D:1      | Bought a scroll of teleportation for 33 gold pieces
   636 | D:1      | Reached XP level 3. HP: 22/24 MP: 3/3
   733 | D:1      | Reached skill level 4 in Fighting
   886 | D:2      | You fall into a shaft and drop 1 floor!
   886 | D:3      | Found a sacrificial altar of Ru.
  1175 | D:2      | Reached XP level 4. HP: 25/30 MP: 4/4
  2147 | D:3      | Found a faded altar of an unknown god.
  2370 | D:3      | Reached XP level 5. HP: 34/34 MP: 5/5
  2414 | D:3      | Reached skill level 5 in Fighting
  2989 | D:4      | Noticed a black bear
  3000 | D:4      | Killed a black bear
  3001 | D:4      | Reached XP level 6. HP: 29/40 MP: 6/6
  3185 | D:4      | Noticed a sky beast
  3206 | D:4      | Killed a sky beast
  3256 | D:4      | Found a staircase to the Ecumenical Temple.
  3525 | D:4      | Reached XP level 7. HP: 35/45 MP: 7/7
  3651 | D:4      | Reached skill level 6 in Fighting
  3672 | D:4      | Reached skill level 5 in Maces & Flails
  4024 | D:4      | Found Omumopocs's General Store.
  4167 | D:5      | Entered Level 5 of the Dungeon
  4192 | D:5      | Reached skill level 5 in Armour
  4979 | D:5      | Reached XP level 8. HP: 52/52 MP: 8/8
  5067 | D:6      | Reached skill level 7 in Fighting
  5083 | D:6      | Noticed a shadow
  5691 | D:6      | Killed a shadow
  6081 | D:6      | Reached skill level 8 in Fighting
  6169 | D:6      | Reached XP level 9. HP: 43/59 MP: 9/9
  6918 | D:1      | Bought the +1 pair of boots of the Ferocious God {rC+
                  | Regen+} for 235 gold pieces
  7189 | D:7      | Noticed a hornet
  7189 | D:7      | Noticed a centaur warrior
  7189 | D:7      | Noticed a centaur warrior
  7189 | D:7      | Noticed a two-headed ogre
  7189 | D:7      | Noticed a cyclops
  7190 | D:7      | Mangled by a two-headed ogre

Illustrated notes

Levels and vault maps discovered:
D:1:      minmay_arrival_nine_rooms, layout_basic, serial_shops, shop,
          shop_statue, nicolae_shop_temple_entry_statues_fountains,
          nicolae_square_shop, minmay_misc_feat_pillars
D:2:      layout_basic, minmay_quantized
D:3:      layout_rooms, nicolae_ru_path_of_blood,
          shapermc_ecumenical_altar_flowoftime, minmay_snake_closets
D:4:      layout_gridville, minmay_temple_entry_mini_moons, serial_shops,
          nicolae_shop_statue_plus
D:5:      layout_cave_pods
D:6:      layout_basic
D:7:      minmay_klotski, layout_rooms,
          chequers_temple_overflow_statue_of_worship

Skill      XL: |  1  2  3  4  5  6  7  8 |
---------------+-------------------------+-----
Fighting       | 4 5 6 8 |  8.8
Maces & Flails | 3 4 5 7 |  7.7
Armour         | 4 5 7 |  7.8
Shields        | |  3.2

Action                   |  1- 3 |  4- 6 |  7- 9 || total
-------------------------+-------+-------+-------++-------
Melee: Flail             |   161 |   224 |   145 ||   530
       Morningstar       |       |       |   139 ||   139
Throw: Dart              |       |       |     2 ||     2
  Use: Scroll            |     6 |     6 |    12 ||    24
       Potion            |       |       |     7 ||     7
Armor: Scale mail        |   131 |   128 |   217 ||   476
       Skin              |       |       |    98 ||    98
Dodge: Dodged            |    91 |    90 |   192 ||   373
Block: Buckler           |    35 |    35 |    84 ||   154
